 Dungeon Crawl Stone Soup version 0.20-a0-2-g2b0e13a (webtiles) character file.

100 dobroeutro the Twirler (level 4, -7/34 HPs)
             Began as a Demonspawn Gladiator on Oct 29, 2016.
             Mangled by dobroeutro's ghost (9 damage)
             ... on level 3 of the Dungeon.
             The game lasted 00:03:35 (2657 turns).

dobroeutro the Twirler (Demonspawn Gladiator)       Turns: 2657, Time: 00:03:37

Health: -7/34      AC:  6    Str: 16    XL:     4   Next: 46%
Magic:  0/4        EV: 12    Int:  9    God:
Gold:   171        SH:  0    Dex: 14    Spells: 0 memorised, 3 levels left

rFire  . . .     SeeInvis .     a - +0 quarterstaff
rCold  . . .     Gourm    .     t - +0 ring mail
rNeg   . . .     Faith    .     (shield currently unavailable)
rPois  .         Spirit   +     e - +0 helmet (curse)
rElec  .         Reflect  .     (no cloak)
rCorr  .         Harm     .     (no gloves)
MR     .....                    (no boots)
Stlth  +.........               q - amulet of guardian spirit
                                (no ring)
                                (no ring)

@: no status effects
A: talons 2
a: no special abilities


You were on level 3 of the Dungeon.
You were hungry.

You visited 1 branch of the dungeon, and saw 3 of its levels.

You collected 171 gold pieces.

Inventory:

Hand Weapons
 a - a +0 quarterstaff (weapon)
Missiles
 d - 3 throwing nets (quivered)
Armour
 e - a cursed +0 helmet (worn)
 t - a +0 ring mail (worn)
Jewellery
 q - an amulet of guardian spirit (around neck)
Scrolls
 b - a scroll of immolation {unknown}
 c - 4 scrolls of identify {unknown}
 m - a scroll of teleportation {unknown}
 n - a scroll of remove curse {unknown}
 r - 2 scrolls of enchant weapon {unknown}
 s - a scroll of noise {unknown}
 u - a scroll of fear {unknown}
 v - a scroll of amnesia {unknown}
 y - a scroll of random uselessness {unknown}
Potions
 g - a potion of lignification {unknown}
 i - 2 potions of resistance {unknown}
 j - 2 potions of mutation {unknown}
 k - a potion of degeneration {unknown}
 l - a potion of beneficial mutation {unknown}
 o - 3 potions of curing {unknown}
 p - a potion of might {unknown}
 w - a potion of cure mutation {unknown}
 x - 2 potions of brilliance {unknown}
Comestibles
 f - 2 bread rations
 h - a slice of pizza


   Skills:
 + Level 2.8 Fighting
 + Level 3.3 Staves
 - Level 1.7 Throwing
 + Level 1.6 Armour
 + Level 3.3 Dodging


You had 3 spell levels left.
You didn't know any spells.

Dungeon Overview and Level Annotations

Branches:
Dungeon (3/15)

Altars:
Uskayaw

Annotations:
D:3 dobroeutro's ghost, amateur DsGl


Innate Abilities, Weirdness & Mutations

You have razor-sharp toenails.


Message History

Dobroeutro's ghost hits you!
You closely miss dobroeutro's ghost.
Dobroeutro's ghost is moderately damaged.
Dobroeutro's ghost hits you but does no damage.
You completely miss dobroeutro's ghost. Your kick misses dobroeutro's ghost.
Dobroeutro's ghost is moderately damaged.
Dobroeutro's ghost closely misses you.
You hit dobroeutro's ghost.
You claw dobroeutro's ghost, but do no damage.
Dobroeutro's ghost is moderately damaged.
Dobroeutro's ghost hits you. Dobroeutro's ghost hits you!
* * * LOW HITPOINT WARNING * * *
You are too injured to fight recklessly!
You are too injured to fight recklessly!
You are too injured to fight recklessly!
Dobroeutro's ghost hits you!
* * * LOW HITPOINT WARNING * * *
There is a stone staircase leading up here.
Dobroeutro's ghost hits you!
You die...

########### ####..........
#....#....#### ### #....#....#
#<# ### #.........#
#.####.###....#....#
#.....@.........(..#
#.#.##W###.........#
#.#.##.###.........# #
#.#.##......#...)..#.##
#.#.#######.#..#....... #.#.#
#.#.##.....##
#.#.#######.#...)#####
#.#.##..........(..##..
####################>.........


You could see dobroeutro's ghost.

Vanquished Creatures
  3 adders
  2 worms (D:3)
  3 dart slugs
  2 leopard geckos
  4 orcs (D:3)
  A ball python (D:1)
  7 bats
  A giant cockroach (D:3)
  3 goblins
  6 hobgoblins
  3 jackals (D:1)
  5 kobolds
  A quokka (D:2)
  10 frilled lizards
  7 rats
58 creatures vanquished.

Notes
Turn   | Place    | Note
-------+----------+-------------------------------------------
     0 | D:1      | dobroeutro the Demonspawn Gladiator began the quest for the Orb.
     0 | D:1      | Reached XP level 1. HP: 16/16 MP: 1/1
   126 | D:1      | Gained mutation: You have sharp toenails. [demonic ancestry]
   126 | D:1      | Reached XP level 2. HP: 4/22 MP: 2/2
   661 | D:1      | Reached skill level 1 in Armour
   661 | D:1      | Reached XP level 3. HP: 13/28 MP: 3/3
  1756 | D:3      | Noticed dobroeutro's ghost (amateur DsGl)
  1854 | D:3      | Gained mutation: You have razor-sharp toenails. [demonic ancestry]
  1854 | D:3      | Reached XP level 4. HP: 5/34 MP: 1/4
  2623 | D:3      | Found a hide-covered altar of Uskayaw.
  2647 | D:3      | HP: 1/34 [dobroeutro's ghost (7)]
  2657 | D:3      | Mangled by dobroeutro's ghost

Vault maps used:
D:1:      minmay_arrival_loop, dk_noncrumbling_3
D:3:      lemuel_coloured_pillars_altar

Skill      XL: |  1  2 |
---------------+-------+-----
Staves         | 3 |  3.3
Dodging        | 3 |  3.3
Armour         | 1 |  1.6
Fighting       | |  2.8
Throwing       | |  1.7

Action                   |  1- 3 |  4- 6 || total
-------------------------+-------+-------++-------
Melee: Quarterstaff      |   121 |    68 ||   189
       Kick              |    14 |    15 ||    29
  Eat: Chunk             |     2 |     3 ||     5
Armor: Leather armour    |    34 |       ||    34
       Ring mail         |    22 |    28 ||    50
Dodge: Dodged            |   119 |    80 ||   199
